[Event "Titled Tuesday Blitz June 6 Early 2023"]
[White "Horak, Martin"]
[Black "Marchesich, Giovanni"]
[WhiteFideId "367095"]
[BlackFideId "2824790"]
[WhiteElo "2091"]
[BlackElo "2213"]
[Result "0-1"]
[Round "10"]
[TimeControl "180+2"]
[Date "2023.06.06"]
[WhiteClock "0:00:14"]
[BlackClock "0:00:13"]
[Board "117"]

1. e4 e5 2. f4 d5 3. exd5 exf4 4. Nf3 Bd6 5. Bb5+ c6 6. dxc6 bxc6 7. Bc4 Ne7 8. O-O O-O 9. d4 Bg4 10. c3 Ng6 11. Nbd2 Nd7 12. Ne4 Bc7 13. Qc2 Nb6 14. Bd3 Nd5 15. Bd2 f5 16. Nc5 Qd6 17. h3 Bxf3 18. Rxf3 Nh4 19. Raf1 Nxf3+ 20. Rxf3 Rae8 21. Bxf5 g6 22. Bd3 Bb6 23. Ne4 Qd7 24. b4 Rd8 25. Bc4 Kh8 26. Qb3 Qf5 27. Bd3 Qd7 28. a4 a5 29. b5 cxb5 30. Bxb5 Qc7 31. Bc4 Ne3 32. Bxe3 fxe3 33. Rxe3 Qf4 34. Re1 Rde8 35. Bd3 Bc7 36. g3 Qf3 37. Qc2 Bxg3 38. Rf1 Qe3+ 39. Kg2 Bf4 40. Qf2 Qxf2+ 41. Rxf2 g5 42. Rf3 Rc8 43. Nc5 Rfe8 44. Bb5 Re3 45. Rxe3 Bxe3 46. Ne6 Rxc3 47. d5 Bc5 48. Nxc5 Rxc5 49. d6 Rd5 50. d7 Kg7 51. Kf3 Kf6 52. Ke4 Rd2 53. Ke3 Rd6 54. Ke4 Ke7 55. Ke5 Rd2 56. Kf5 h6 57. Kg6 Rd6+ 58. Kh5 Rf6 59. Kg4 Kd8 60. Kh5 Rd6 61. Kg4 Rd4+ 62. Kh5 Rh4+ 63. Kg6 Rxh3 64. Kf6 Rh2 65. Ke6 Rd2 66. Ke5 Rxd7 67. Ke4 Re7+ 68. Kf5 Rb7 69. Kg4 Rxb5 70. axb5 Kc7 71. b6+ Kxb6 72. Kh5 a4 73. Kxh6 a3 74. Kxg5 a2 75. Kf4 a1=Q 76. Kf3 Qb2 77. Ke4 Qb5 78. Ke3 Kc6 79. Ke4 Kd6 80. Ke3 Qd5 81. Kf2 Ke5 82. Kg3 Qd4 83. Kg2 Kf4 84. Kh1 Qb2 85. Kg1 Kf3 86. Kf1 Qf2# 0-1


[Site "https://www.chess.com"]

[Event "Titled Tuesday Blitz June 6 Early 2023"]
[White "Xu, Daniel"]
[Black "Levitan, Caleb Levi"]
[WhiteFideId "2627345"]
[BlackFideId "14332620"]
[WhiteElo "1980"]
[BlackElo "1963"]
[Result "1-0"]
[Round "10"]
[TimeControl "180+2"]
[Date "2023.06.06"]
[WhiteClock "0:01:18"]
[BlackClock "0:00:07"]
[Board "118"]

1. e4 e5 2. Nf3 Nc6 3. Bb5 a6 4. Ba4 Nf6 5. O-O Bc5 6. Re1 b5 7. Bb3 d6 8. d3 h6 9. c3 O-O 10. h3 Bb6 11. Nbd2 Ne7 12. a4 Bb7 13. Nf1 Ng6 14. Ng3 d5 15. exd5 Bxd5 16. Nxe5 Bxb3 17. Qxb3 Nxe5 18. Rxe5 Qxd3 19. Be3 Bxe3 20. Rxe3 Qd5 21. Qb4 Qc6 22. Nf5 Rae8 23. Ne7+ Rxe7 24. Qxe7 Nd5 25. Qe4 bxa4 26. Rd3 Rd8 27. Rad1 Qb6 28. Rxd5 Rf8 29. Rd8 g6 30. Rxf8+ Kxf8 31. Rd8+ Kg7 32. Qe5+ 1-0


[Site "https://www.chess.com"]

[Event "Titled Tuesday Blitz June 6 Early 2023"]
[White "Toktomushev, Teimur"]
[Black "agvania123"]
[WhiteFideId "14176726"]
[WhiteElo "2116"]
[BlackElo "2243"]
[Result "1-0"]
[Round "10"]
[TimeControl "180+2"]
[Date "2023.06.06"]
[WhiteClock "0:00:02"]
[BlackClock "0:00:01"]
[Board "119"]

1. d4 Nf6 2. c4 e6 3. Nf3 b6 4. g3 Bb7 5. Bg2 Be7 6. O-O O-O 7. Re1 d5 8. cxd5 exd5 9. Bf4 Nbd7 10. Nc3 a6 11. Rc1 c5 12. dxc5 Nxc5 13. Nd4 Nfe4 14. Qc2 Bf6 15. Red1 Bxd4 16. Rxd4 Ne6 17. Rxd5 Bxd5 18. Nxd5 Nxf4 19. Nxf4 f5 20. Ne6 Rc8 21. Nxd8 Rxc2 22. Rxc2 Rxd8 23. Bxe4 fxe4 24. Kg2 Rd1 25. Rc6 b5 26. Rxa6 Rd2 27. e3 Rxb2 28. Rb6 b4 29. Rb5 g6 30. g4 h6 31. Kg3 g5 32. Rb6 Kg7 33. Ra6 Rc2 34. a3 Ra2 35. Rb6 bxa3 36. Ra6 Ra1 37. Ra4 Ra2 38. Kg2 Ra1 39. Rxe4 Rc1 40. Ra4 Rc3 41. h3 Kg6 42. Kf3 Rb3 43. Ra6+ Kg7 44. Ke4 Rb2 45. f4 Rb4+ 46. Kf5 Rb5+ 47. Ke6 Rb3 48. f5 Rxe3+ 49. Kd5 1-0


[Site "https://www.chess.com"]

[Event "Titled Tuesday Blitz June 6 Early 2023"]
[White "Clawitter, Craig"]
[Black "Fernandez Garcia, Gumersindo"]
[WhiteFideId "2023105"]
[BlackFideId "24516740"]
[WhiteElo "2235"]
[BlackElo "2093"]
[Result "0-1"]
[Round "10"]
[TimeControl "180+2"]
[Date "2023.06.06"]
[WhiteClock "0:00:02"]
[BlackClock "0:01:12"]
[Board "120"]

1. e4 e5 2. Nc3 Nf6 3. g3 d5 4. exd5 Nxd5 5. Bg2 Nxc3 6. bxc3 Bd6 7. Nf3 O-O 8. O-O Nc6 9. Rb1 f5 10. d4 e4 11. Ng5 h6 12. Nh3 g5 13. Qh5 Qf6 14. f3 exf3 15. Bxf3 Kg7 16. Nf2 Qg6 17. Nd3 Qxh5 18. Bxh5 Na5 19. Ne5 Bxe5 20. dxe5 Be6 21. Bf3 Rab8 22. Be3 b6 23. Rbd1 Rfd8 24. h4 Nc4 25. Bc1 g4 26. Bg2 c5 27. Bf4 b5 28. Kf2 a5 29. Rxd8 Rxd8 30. Ke2 Nb2 0-1


[Site "https://www.chess.com"]

[Event "Titled Tuesday Blitz June 6 Early 2023"]
[White "Manukian, Artak"]
[Black "ZeGood_ZeBad_ZeUgly"]
[WhiteFideId "13301373"]
[WhiteElo "2130"]
[BlackElo "2211"]
[Result "1-0"]
[Round "10"]
[TimeControl "180+2"]
[Date "2023.06.06"]
[WhiteClock "0:02:25"]
[BlackClock "0:02:33"]
[Board "121"]

1. e4 c5 2. Nf3 e6 3. c3 Nf6 4. e5 Nd5 5. d4 cxd4 6. cxd4 b6 7. Nc3 Nxc3 8. bxc3 Bb7 9. Bd3 Qc7 10. O-O Qxc3 11. Bg5 h6 12. Rc1 Qa3 13. Rc7 Bd5 14. Rc8# 1-0


[Site "https://www.chess.com"]

[Event "Titled Tuesday Blitz June 6 Early 2023"]
[White "campochess"]
[Black "Zenin, Dmitry"]
[BlackFideId "4127897"]
[WhiteElo "2166"]
[BlackElo "2215"]
[Result "0-1"]
[Round "10"]
[TimeControl "180+2"]
[Date "2023.06.06"]
[WhiteClock "0:00:01"]
[BlackClock "0:00:07"]
[Board "122"]

1. e4 e5 2. Bc4 Nf6 3. d3 c6 4. Nf3 d5 5. exd5 cxd5 6. Bb5+ Bd7 7. Bxd7+ Nbxd7 8. O-O Bd6 9. Nc3 Rc8 10. Re1 O-O 11. Bg5 Qa5 12. Bd2 Qb6 13. b3 Rfe8 14. Ne2 Bc5 15. d4 exd4 16. Nf4 Ne4 17. Nxd5 Qc6 18. Nf4 Ba3 19. Nxd4 Qd6 20. Nfe2 a6 21. c4 Bb2 22. Bf4 Qf6 23. Rb1 Bc3 24. Rf1 Ndc5 25. Nf3 Rcd8 26. Qc2 Bb4 27. Rbd1 h6 28. Be3 Rc8 29. Nf4 Nc3 30. Nd5 Nxd5 31. Rxd5 Ne4 32. Bd4 Qg6 33. Qb2 Rcd8 34. Ne5 Qe6 35. Nd3 Bf8 36. Re5 Qc6 37. Rxe8 Rxe8 38. Ne5 Qe6 39. Nf3 Qc6 40. Re1 b5 41. cxb5 axb5 42. h3 b4 43. Be5 Ra8 44. Bf4 Nc3 45. Qd2 Rxa2 46. Qd4 Ra8 47. Ne5 Qd5 48. Qxd5 Nxd5 49. Bg3 Ra3 50. Nc6 f6 51. Re8 Kf7 52. Rc8 Rxb3 53. Nd8+ Kg6 54. Ne6 Be7 55. Rb8 Rb1+ 56. Kh2 Re1 57. Rb5 Rxe6 58. Rxd5 Rb6 59. Bf4 b3 60. Bc1 b2 61. Bxb2 Rxb2 62. Kg3 Kf7 63. f4 Rb3+ 64. Kg4 Rb4 65. g3 g6 66. Ra5 h5+ 67. Kf3 Rb3+ 68. Kg2 Rc3 69. h4 f5 70. Ra6 Bc5 71. Rc6 Rc2+ 72. Kf3 Kg7 73. g4 Rf2+ 74. Kg3 hxg4 75. Rxc5 Rf3+ 76. Kg2 Rxf4 0-1


[Site "https://www.chess.com"]

[Event "Titled Tuesday Blitz June 6 Early 2023"]
[White "Araujo Filho, Luiz Antonio Coel"]
[Black "Hoffmann, Asa"]
[WhiteFideId "2130661"]
[BlackFideId "2001470"]
[WhiteElo "2056"]
[BlackElo "2117"]
[Result "0-1"]
[Round "10"]
[TimeControl "180+2"]
[Date "2023.06.06"]
[WhiteClock "0:00:01"]
[BlackClock "0:00:08"]
[Board "123"]

1. d4 Nf6 2. Nf3 d6 3. c4 c6 4. Nc3 Bf5 5. g3 h6 6. Bg2 Nbd7 7. O-O e5 8. dxe5 dxe5 9. Re1 Be7 10. e4 Bh7 11. b4 Bxb4 12. Bd2 Qa5 13. Qc2 O-O 14. a3 Bc5 15. Na4 Qc7 16. Nxc5 Nxc5 17. Bb4 Nfd7 18. Nh4 a5 19. Bc3 Ne6 20. Rad1 Rad8 21. Nf5 Bxf5 22. exf5 Nec5 23. Qe2 f6 24. Qg4 b6 25. Bd2 Kh8 26. Bxh6 gxh6 27. Qg6 Nb8 28. Rxd8 Rxd8 29. Qxh6+ Kg8 30. Qxf6 Rf8 31. Qg6+ Qg7 32. Qd6 Nbd7 33. Bxc6 Rf6 34. Qc7 Nf8 35. Bd5+ Kh7 36. Qxe5 Nd3 37. Qe7 Nxe1 38. Qxe1 Qd7 39. Qe3 Kh8 40. Qd4 Qg7 41. Be4 Nd7 0-1


[Site "https://www.chess.com"]

[Event "Titled Tuesday Blitz June 6 Early 2023"]
[White "Dwilewicz, Katarzyna"]
[Black "Francisco_Ferrari"]
[WhiteFideId "1148486"]
[WhiteElo "2098"]
[BlackElo "2154"]
[Result "0-1"]
[Round "10"]
[TimeControl "180+2"]
[Date "2023.06.06"]
[WhiteClock "0:00:12"]
[BlackClock "0:00:05"]
[Board "124"]

1. e4 c5 2. Nf3 d6 3. d4 cxd4 4. Nxd4 Nf6 5. Nc3 a6 6. h3 e5 7. Nde2 h5 8. Bg5 Be6 9. Bxf6 Qxf6 10. Nd5 Qd8 11. Qd3 Nd7 12. O-O-O Rc8 13. Kb1 g6 14. f4 Bg7 15. Nec3 exf4 16. Nxf4 Bc4 17. Qxd6 Be5 18. Qd2 Bxf1 19. Rhxf1 Rxc3 20. bxc3 Qb6+ 21. Ka1 O-O 22. Nd5 Qa5 23. Rf3 Nc5 24. Qh6 Re8 25. Rdf1 Nxe4 26. Qe3 Qxd5 27. Qd3 Bxc3+ 28. Kb1 Qa5 29. Qc4 Nd2+ 30. Kc1 Nxc4 0-1


[Site "https://www.chess.com"]

[Event "Titled Tuesday Blitz June 6 Early 2023"]
[White "Zallio, Luciano de Souza"]
[Black "Rian, Kapriaga"]
[WhiteFideId "2109700"]
[BlackFideId "7103263"]
[WhiteElo "2057"]
[BlackElo "2325"]
[Result "0-1"]
[Round "10"]
[TimeControl "180+2"]
[Date "2023.06.06"]
[WhiteClock "0:02:19"]
[BlackClock "0:02:32"]
[Board "125"]

1. e4 c6 2. d4 d5 3. e5 Bf5 4. Nf3 e6 5. Bd3 Bxd3 6. Qxd3 Qa5+ 7. c3 Qa6 8. Qxa6 Nxa6 9. O-O c5 10. Be3 cxd4 11. Bxd4 Ne7 12. Nbd2 Nf5 13. g4 Ne7 14. Kg2 h5 15. h3 Nb8 16. c4 Nbc6 17. cxd5 Nxd5 18. Ne4 Be7 19. Rac1 hxg4 20. hxg4 Nf4+ 0-1


[Site "https://www.chess.com"]

[Event "Titled Tuesday Blitz June 6 Early 2023"]
[White "Rodriguez Santiago, Jaime"]
[Black "Lakshmi C"]
[WhiteFideId "3100898"]
[BlackFideId "25035347"]
[WhiteElo "2025"]
[BlackElo "1942"]
[Result "1-0"]
[Round "10"]
[TimeControl "180+2"]
[Date "2023.06.06"]
[WhiteClock "0:00:35"]
[BlackClock "0:00:01"]
[Board "126"]

1. c4 e5 2. Nc3 Nc6 3. g3 Nge7 4. Bg2 g6 5. e4 Bg7 6. Nge2 O-O 7. O-O f5 8. d3 d6 9. Rb1 a5 10. f4 Be6 11. Nd5 Nb8 12. fxe5 dxe5 13. Bg5 Nbc6 14. exf5 gxf5 15. Nec3 Qd6 16. Nxe7+ Nxe7 17. Bxe7 Qxe7 18. Bxb7 Qc5+ 19. Kh1 Rad8 20. Bd5 Bxd5+ 21. cxd5 c6 22. dxc6 e4 23. Qb3+ Kh8 24. dxe4 Qxc6 25. Rbe1 fxe4 26. Rxf8+ Rxf8 27. Qd5 Qxd5 28. Nxd5 Re8 29. Kg2 Bxb2 30. Re2 Bd4 31. g4 Kg7 32. h4 Bc5 33. Nf4 Bd6 34. Nh5+ Kg6 35. Ng3 e3 36. Nf5 Bc5 37. Kf3 Rf8 38. Ke4 Re8+ 39. Kf4 Rf8 40. h5+ Kf6 41. Nxe3 Ke6+ 42. Nf5+ 1-0


[Site "https://www.chess.com"]

[Event "Titled Tuesday Blitz June 6 Early 2023"]
[White "Dubreuil, Julien"]
[Black "Alexanian, Nelli"]
[WhiteFideId "621285"]
[BlackFideId "4170539"]
[WhiteElo "2277"]
[BlackElo "2059"]
[Result "0-1"]
[Round "10"]
[TimeControl "180+2"]
[Date "2023.06.06"]
[WhiteClock "0:00:04"]
[BlackClock "0:00:12"]
[Board "127"]

1. e4 e6 2. d4 d5 3. Bd3 dxe4 4. Bxe4 Nf6 5. Bf3 c5 6. Ne2 Nc6 7. Be3 Qb6 8. Nbc3 cxd4 9. Nxd4 Nxd4 10. Bxd4 Bc5 11. Bxc5 Qxc5 12. Qd2 O-O 13. O-O-O Bd7 14. Ne4 Nxe4 15. Qxd7 Nxf2 16. Bxb7 Rab8 17. Qc6 Qg5+ 18. Kb1 Nxh1 19. Rxh1 Rfd8 20. a3 Qd5 21. Qxd5 exd5 22. Ba6 Rd6 23. Bd3 a5 24. b3 d4 25. Rf1 g6 26. g4 Kg7 27. g5 Rb7 28. Rf4 Rd5 29. h4 h6 30. gxh6+ Kxh6 31. Kb2 f5 32. c4 dxc3+ 33. Kxc3 Rxd3+ 34. Kxd3 Rxb3+ 35. Kd4 Rxa3 36. Ke5 a4 37. Kf6 Kh5 38. Rb4 Ra1 39. Rb8 a3 40. Rh8+ Kg4 41. Kxg6 a2 42. Ra8 f4 43. h5 f3 44. h6 Kf4 45. Ra4+ Ke3 46. Rh4 Rg1+ 47. Kf5 a1=Q 0-1


[Site "https://www.chess.com"]

[Event "Titled Tuesday Blitz June 6 Early 2023"]
[White "Torres Dominguez, David"]
[Black "Toczek, Grzegorz"]
[WhiteFideId "2220857"]
[BlackFideId "1106457"]
[WhiteElo "1999"]
[BlackElo "2093"]
[Result "1/2-1/2"]
[Round "10"]
[TimeControl "180+2"]
[Date "2023.06.06"]
[WhiteClock "0:00:14"]
[BlackClock "0:00:18"]
[Board "128"]

1. e4 c6 2. Nf3 d5 3. d3 dxe4 4. dxe4 Qxd1+ 5. Kxd1 Bg4 6. Be2 Nd7 7. Nfd2 h5 8. f3 Be6 9. Bc4 Nc5 10. Bxe6 Nxe6 11. Nb3 g5 12. Ke2 Bg7 13. c3 Be5 14. Be3 f6 15. N1d2 Nh6 16. a4 Nf7 17. Nc4 Bc7 18. a5 Ne5 19. Nxe5 Bxe5 20. Nc5 Nxc5 21. Bxc5 h4 22. g4 a6 23. h3 Kf7 24. Rhd1 Ke6 25. Rd3 Rad8 26. Rad1 Rxd3 27. Rxd3 Bc7 28. b3 Bxa5 29. c4 Bc7 30. Be3 Rd8 31. Rxd8 Bxd8 32. Kd3 Bc7 33. Bd2 Ke5 34. Ke3 b6 35. Bc3+ Ke6 36. Kd3 Be5 37. Bd2 c5 38. Bc1 Kd7 39. Bd2 Kc6 40. Bc1 b5 41. Bd2 Bc7 42. Be1 a5 43. cxb5+ Kxb5 44. Kc3 Be5+ 45. Kd3 Bb2 46. Bd2 Ba3 47. Bc3 Bb4 48. Bb2 e5 49. Bc1 Be1 50. Ba3 Bf2 51. Ke2 Bd4 52. Kd3 Bg1 53. Kc3 Bh2 54. Kd3 Bf4 55. Kc3 Be3 56. Kd3 Bd4 57. Kc2 a4 58. Bc1 c4 59. bxa4+ Kxa4 60. Bd2 Kb5 61. Bc1 Bc5 62. Bb2 Bb4 63. Bc1 Kc5 64. Be3+ Kb5 65. Bf2 Ka4 66. Be3 Be1 67. Bb6 Kb5 68. Bd8 Bg3 69. Bxf6 Bf4 70. Be7 Kc6 71. Kc3 Kb5 72. Bd6 Bg3 73. Bb8 Be1+ 74. Kc2 Bg3 75. Bd6 Kc6 76. Be7 Bf4 77. Kc3 Kb5 78. Bd6 Bg3 79. Be7 Bf4 1/2-1/2


[Site "https://www.chess.com"]

[Event "Titled Tuesday Blitz June 6 Early 2023"]
[White "Palacio,Igor Da Paz"]
[Black "Mazurkiewicz, Michal"]
[WhiteFideId "2121140"]
[BlackFideId "1124943"]
[WhiteElo "2126"]
[BlackElo "2063"]
[Result "1-0"]
[Round "10"]
[TimeControl "180+2"]
[Date "2023.06.06"]
[WhiteClock "0:01:24"]
[BlackClock "0:01:46"]
[Board "129"]

1. e4 d6 2. d4 Nf6 3. Nc3 c6 4. Bd3 e5 5. Nf3 Qc7 6. Bg5 Be7 7. Qe2 b5 8. a3 O-O 9. h3 Re8 10. O-O Nbd7 11. Rad1 a5 12. Rfe1 b4 13. axb4 axb4 14. Nb1 c5 15. dxe5 dxe5 16. Nbd2 Nb6 17. Nc4 Be6 18. Nfxe5 Ra2 19. Nxb6 Qxb6 20. Nc4 h6 21. Nxb6 1-0


[Site "https://www.chess.com"]

[Event "Titled Tuesday Blitz June 6 Early 2023"]
[White "Shapiro, Daniel"]
[Black "le-castor-faineant"]
[WhiteFideId "2001780"]
[WhiteElo "2355"]
[BlackElo "2225"]
[Result "1-0"]
[Round "10"]
[TimeControl "180+2"]
[Date "2023.06.06"]
[WhiteClock "0:00:58"]
[BlackClock "0:01:16"]
[Board "130"]

1. d4 Nf6 2. c4 g6 3. Nc3 Bg7 4. e4 d6 5. Be2 O-O 6. Nf3 Nbd7 7. Be3 e5 8. d5 a5 9. Nd2 Qe7 10. a3 h6 11. b4 Nxe4 12. Ndxe4 f5 13. f3 fxe4 14. Nxe4 Nf6 15. Bd3 Nxe4 16. Bxe4 Bf5 17. O-O Kh7 18. Qd3 Qd7 19. c5 Qa4 20. b5 Bxe4 21. fxe4 Rxf1+ 22. Rxf1 Ra7 23. cxd6 b6 24. d7 Ra8 25. d6 cxd6 26. Bxb6 Qxa3 27. Qxa3 1-0


[Site "https://www.chess.com"]

[Event "Titled Tuesday Blitz June 6 Early 2023"]
[White "Korpics, Zsolt"]
[Black "Kriti Mayur Patel"]
[WhiteFideId "705241"]
[BlackFideId "35061780"]
[WhiteElo "2335"]
[BlackElo "1306"]
[Result "0-1"]
[Round "10"]
[TimeControl "180+2"]
[Date "2023.06.06"]
[WhiteClock "0:00:10"]
[BlackClock "0:00:22"]
[Board "131"]

1. e4 e5 2. Nf3 Nc6 3. d4 exd4 4. Bb5 Bb4+ 5. Bd2 Bxd2+ 6. Qxd2 Nf6 7. e5 Ne4 8. Qd3 Nc5 9. Qa3 Ne6 10. Nbd2 a6 11. Bxc6 dxc6 12. Ne4 b6 13. Rd1 c5 14. c3 Bb7 15. Ng3 Bxf3 16. gxf3 O-O 17. Nf5 Qg5 18. Ng3 Qxe5+ 19. Kf1 Nf4 20. cxd4 cxd4 21. Re1 Qb5+ 22. Kg1 d3 23. Qc3 Rae8 24. Rd1 Ne2+ 25. Nxe2 dxe2 26. Re1 Rd8 27. h4 Rd1 28. Kh2 Qd5 29. Rhg1 Qd6+ 30. Kh1 Qh6 31. Rxd1 exd1=Q 32. Rxd1 Qxh4+ 33. Kg2 Qg5+ 34. Kh1 Re8 35. Qxc7 h6 36. Rg1 Qh4+ 37. Kg2 Re2 38. Qxb6 Re6 39. Qb8+ Kh7 40. Qb3 Rg6+ 41. Kf1 Qh3+ 42. Ke2 Rxg1 43. Qxf7 Rg6 44. b4 Qe6+ 45. Qxe6 Rxe6+ 46. Kd3 Rb6 47. Kc4 Rf6 48. a4 Rxf3 49. b5 axb5+ 50. axb5 Rxf2 51. Kc3 Rf8 52. Kc4 Rb8 53. Kc5 Kg6 54. b6 Rxb6 55. Kxb6 Kf5 56. Kc5 h5 57. Kd4 Kf4 58. Kd3 h4 59. Ke2 Kg3 60. Kf1 g5 61. Kg1 g4 62. Kh1 Kh3 63. Kg1 Kg3 64. Kh1 Kf3 65. Kg1 h3 66. Kh2 g3+ 67. Kh1 g2+ 68. Kg1 h2+ 69. Kxh2 Kf2 70. Kh3 g1=Q 71. Kh4 Qg8 72. Kh5 Kf3 73. Kh6 Kf4 74. Kh5 Qg5# 0-1


[Site "https://www.chess.com"]

[Event "Titled Tuesday Blitz June 6 Early 2023"]
[White "Jiganchine, Roman"]
[Black "Quirke, Jeffrey"]
[WhiteFideId "2603667"]
[BlackFideId "2013029"]
[WhiteElo "2294"]
[BlackElo "2204"]
[Result "1-0"]
[Round "10"]
[TimeControl "180+2"]
[Date "2023.06.06"]
[WhiteClock "0:00:20"]
[BlackClock "0:00:01"]
[Board "132"]

1. e4 Nf6 2. e5 Nd5 3. c4 Nb6 4. c5 Nd5 5. Nc3 c6 6. d4 d6 7. cxd6 exd6 8. Nf3 dxe5 9. Nxe5 Be6 10. Bd3 Nd7 11. O-O Nxe5 12. dxe5 Nxc3 13. bxc3 Bc5 14. Qf3 Qa5 15. Bg5 h6 16. Bf4 O-O-O 17. Be4 Qa6 18. Rab1 Rd7 19. h4 g5 20. Bg3 g4 21. Qf6 Rhd8 22. h5 Qxa2 23. Qxh6 Qc4 24. Rfe1 Qxc3 25. Rec1 Qxg3 26. Qf6 Qxf2+ 27. Qxf2 Bxf2+ 28. Kxf2 Rd2+ 29. Kg3 R8d4 30. Re1 Bd5 31. Bxd5 Rxd5 32. h6 Rd8 33. e6 fxe6 34. Rxe6 Rh8 35. Rf1 Rd7 36. Kxg4 Rdh7 37. Kg5 a5 38. g4 Kb8 39. Rh1 Ka7 40. Kf5 Kb6 41. g5 Rf8+ 42. Rf6 Rxf6+ 43. Kxf6 a4 44. Kg6 1-0


[Site "https://www.chess.com"]

[Event "Titled Tuesday Blitz June 6 Early 2023"]
[White "Chuemsakul, Sarocha"]
[Black "Cramling Bellon, Anna"]
[WhiteFideId "6203710"]
[BlackFideId "32009232"]
[WhiteElo "1686"]
[BlackElo "1976"]
[Result "0-1"]
[Round "10"]
[TimeControl "180+2"]
[Date "2023.06.06"]
[WhiteClock "0:00:01"]
[BlackClock "0:00:12"]
[Board "133"]

1. d4 Nf6 2. c4 e6 3. Nf3 d5 4. cxd5 exd5 5. Nc3 c6 6. Bg5 Be7 7. e3 Bg4 8. Bd3 Nbd7 9. O-O O-O 10. h3 Bh5 11. Rc1 c5 12. b3 Rc8 13. Be2 Bg6 14. Bf4 cxd4 15. Nxd4 Ba3 16. Qd2 Bxc1 17. Rxc1 Nc5 18. f3 a6 19. g4 Re8 20. Bf1 h5 21. Rd1 hxg4 22. hxg4 Ne6 23. Bg3 Ng5 24. Bg2 Qe7 25. Re1 Qb4 26. Rc1 b5 27. Bh4 Ne6 28. Bxf6 gxf6 29. Nf5 Bxf5 30. gxf5 d4 31. exd4 Nxd4 32. Qf2 Nxf5 33. Qc2 Ne3 34. Qd2 Nxg2 35. Qxg2+ Kf8 36. Qh3 Rxc3 0-1


[Site "https://www.chess.com"]

[Event "Titled Tuesday Blitz June 6 Early 2023"]
[White "Flis, Pawel"]
[Black "Sarkar, Justin"]
[WhiteFideId "1112864"]
[BlackFideId "2010011"]
[WhiteElo "1822"]
[BlackElo "2151"]
[Result "0-1"]
[Round "10"]
[TimeControl "180+2"]
[Date "2023.06.06"]
[WhiteClock "0:00:11"]
[BlackClock "0:00:16"]
[Board "134"]

1. e4 e5 2. d4 exd4 3. Nf3 Nf6 4. e5 Ne4 5. Qxd4 d5 6. exd6 Nxd6 7. Nc3 Nc6 8. Qf4 Be7 9. Bd2 O-O 10. O-O-O Be6 11. Bd3 a5 12. h4 Nb4 13. Ng5 Nxd3+ 14. cxd3 Qd7 15. Nxe6 fxe6 16. Qe3 Nf5 17. Qe4 Nd6 18. Qe3 Nf5 19. Qe2 Nd4 20. Qe3 Bc5 21. Qe4 Rxf2 22. Be3 Ne2+ 23. Nxe2 Rxe2 24. Bxc5 Rxe4 25. dxe4 Qc6 26. Kb1 Qxc5 27. Rhe1 Qe5 28. a3 a4 29. Rd7 h5 30. Rf1 Ra6 31. Rff7 Rb6 32. Rf2 Qxe4+ 33. Ka1 Qe1+ 34. Ka2 Qxf2 35. Rd8+ Kh7 36. Rd2 Qxd2 37. Ka1 Qxb2# 0-1


[Site "https://www.chess.com"]

[Event "Titled Tuesday Blitz June 6 Early 2023"]
[White "Ciuffoletti, Paolo"]
[Black "Todorovic, Bojan"]
[WhiteFideId "807630"]
[BlackFideId "917087"]
[WhiteElo "2143"]
[BlackElo "2266"]
[Result "1-0"]
[Round "10"]
[TimeControl "180+2"]
[Date "2023.06.06"]
[WhiteClock "0:00:50"]
[BlackClock "0:00:27"]
[Board "135"]

1. e4 g6 2. d4 Bg7 3. Nc3 d6 4. f4 a6 5. Nf3 Nd7 6. Bd3 b5 7. e5 Bb7 8. O-O e6 9. Ne4 Ne7 10. exd6 Nf5 11. dxc7 Qxc7 12. c3 O-O 13. Ne5 Nb6 14. Ng5 Nd5 15. Bxf5 exf5 16. Qd3 Rad8 17. Bd2 Nxf4 18. Bxf4 Bxe5 19. Qh3 f6 20. Bxe5 fxe5 21. Ne6 Qd6 22. Nxf8 Rxf8 23. dxe5 Qxe5 24. Rae1 Qc5+ 25. Kh1 f4 26. Qe6+ Rf7 27. Rxf4 Bd5 28. Qe8+ Kg7 29. Rxf7+ Bxf7 30. Qe5+ Qxe5 31. Rxe5 Bxa2 32. Re7+ Kh6 33. Ra7 1-0


[Site "https://www.chess.com"]

[Event "Titled Tuesday Blitz June 6 Early 2023"]
[White "Kuzmin, Ilya"]
[Black "Nikulina, Alena"]
[WhiteFideId "4153863"]
[BlackFideId "4172051"]
[WhiteElo "2093"]
[BlackElo "1608"]
[Result "1-0"]
[Round "10"]
[TimeControl "180+2"]
[Date "2023.06.06"]
[WhiteClock "0:00:32"]
[BlackClock "0:00:13"]
[Board "136"]

1. d4 d5 2. c4 dxc4 3. e4 e5 4. Nf3 Bb4+ 5. Nc3 exd4 6. Nxd4 Nd7 7. Bxc4 Ngf6 8. Bxf7+ Kxf7 9. Qb3+ Ke8 10. Ne6 Nc5 11. Nxg7+ Kf8 12. Qxb4 Qe7 13. O-O Kxg7 14. e5 Ng4 15. f4 a5 16. Qb5 c6 17. Qe2 Qh4 18. h3 Rf8 19. hxg4 Bxg4 20. Qf2 Qe7 21. Be3 Ne6 22. Qg3 h5 23. f5 Nc5 24. f6+ Rxf6 25. exf6+ Qxf6 26. Rxf6 1-0


[Site "https://www.chess.com"]

[Event "Titled Tuesday Blitz June 6 Early 2023"]
[White "Floresvillar Gonzalez, Luis Migu"]
[Black "Abrosimov, Vladimir"]
[WhiteFideId "5100542"]
[BlackFideId "4166892"]
[WhiteElo "2040"]
[BlackElo "2336"]
[Result "0-1"]
[Round "10"]
[TimeControl "180+2"]
[Date "2023.06.06"]
[WhiteClock "0:00:02"]
[BlackClock "0:00:21"]
[Board "137"]

1. e4 c5 2. d4 cxd4 3. c3 d3 4. Bxd3 d6 5. Nf3 Nc6 6. O-O g6 7. Bg5 Bg7 8. Nbd2 Nf6 9. Nc4 O-O 10. Qd2 b5 11. Ne3 a6 12. Nd5 Nxd5 13. exd5 Ne5 14. Nxe5 Bxe5 15. Rfe1 Re8 16. Bh6 Bb7 17. Be4 Qc7 18. Rad1 Rac8 19. a3 a5 20. g3 Qb6 21. Bg2 Ba6 22. h4 b4 23. axb4 axb4 24. cxb4 Rb8 25. h5 Qxb4 26. hxg6 hxg6 27. f4 Bxb2 28. Qxb4 Rxb4 29. Rb1 Bd4+ 30. Kh2 Rxb1 31. Rxb1 Bc5 32. Re1 f6 33. g4 Kh7 34. g5 f5 35. Kg3 Kg8 36. Bf1 Kf7 0-1


[Site "https://www.chess.com"]

[Event "Titled Tuesday Blitz June 6 Early 2023"]
[White "Mishra, Manoj"]
[Black "KSho99"]
[WhiteFideId "5006007"]
[WhiteElo "1847"]
[BlackElo "2189"]
[Result "0-1"]
[Round "10"]
[TimeControl "180+2"]
[Date "2023.06.06"]
[WhiteClock "0:00:02"]
[BlackClock "0:00:03"]
[Board "138"]

1. b3 f5 2. Bb2 Nf6 3. c4 g6 4. g4 fxg4 5. e4 d6 6. Nc3 Bg7 7. Qc2 Nc6 8. Nge2 Ne5 9. Bg2 Nf3+ 10. Bxf3 gxf3 11. Nd4 Bh3 12. Rg1 O-O 13. Nxf3 Nh5 14. Ng5 Bd7 15. O-O-O Rxf2 16. Rdf1 Qf8 17. Qd3 e6 18. Rxf2 Qxf2 19. Rf1 Qxh2 20. Rf7 Qg1+ 21. Kc2 Rd8 22. Rxd7 Rxd7 23. Nxe6 c6 24. Nxg7 Nxg7 25. Qh3 Re7 26. Qc8+ Kf7 27. Qh3 h5 28. Qf3+ Kg8 29. Qf4 Re6 30. Qf3 Qg4 31. Qe3 h4 32. d4 Qg2+ 33. Ne2 Rxe4 34. Qd3 Qxe2+ 35. Qxe2 Rxe2+ 0-1


[Site "https://www.chess.com"]

[Event "Titled Tuesday Blitz June 6 Early 2023"]
[White "Blackwhite017"]
[Black "Larina, Maria"]
[BlackFideId "24113182"]
[WhiteElo "2089"]
[BlackElo "1848"]
[Result "1-0"]
[Round "10"]
[TimeControl "180+2"]
[Date "2023.06.06"]
[WhiteClock "0:00:21"]
[BlackClock "0:00:04"]
[Board "139"]

1. e4 c6 2. Nf3 d5 3. exd5 cxd5 4. Ne5 a6 5. d4 Nc6 6. c3 Nf6 7. Bd3 g6 8. O-O Bg7 9. Nd2 O-O 10. f4 Bf5 11. Bxf5 gxf5 12. Ndf3 Ne4 13. Nd2 f6 14. Nxe4 dxe4 15. Qb3+ Kh8 16. Nf7+ Rxf7 17. Qxf7 Qd7 18. Be3 b5 19. Rfd1 Na5 20. b3 Rc8 21. Rac1 Rf8 22. Qh5 e6 23. c4 bxc4 24. bxc4 Qa4 25. Qe2 Rd8 26. d5 exd5 27. cxd5 Qa3 28. Bc5 Qa4 29. Bb6 Rb8 30. Bc7 Rc8 31. d6 Qd7 32. Bxa5 Rxc1 33. Rxc1 Qxd6 34. Qd2 Qe7 35. Rc8+ Bf8 36. Bb4 Qa7+ 37. Bc5 Qxc5+ 38. Rxc5 Bxc5+ 39. Kf1 e3 40. Qd7 1-0


[Site "https://www.chess.com"]